 Dungeon Crawl Stone Soup version 0.21-a0-216-g6d3fd91 (console) character file.

561 utis the Stinger (level 7, -3/46 HPs)
             Began as a Human Venom Mage on Aug 23, 2017.
             Slain by a phantom (6 damage)
             ... on level 4 of the Dungeon.
             The game lasted 00:16:44 (6463 turns).

utis the Stinger (Human Venom Mage)                 Turns: 6463, Time: 00:16:45

Health: -3/46      AC:  5    Str: 10    XL:     7   Next: 57%
Magic:  9/11       EV: 10    Int: 15    God:
Gold:   178        SH:  0    Dex: 14    Spells: 6/12 levels left

rFire    . . .     SeeInvis .   z - +0 war axe
rCold    . . .     Gourm    .   (no shield)
rNeg     . . .     Faith    .   d - +0 ring mail
rPois    .         Spirit   .   (no helmet)
rElec    .         Reflect  .   (no cloak)
rCorr    .         Harm     .   (no gloves)
MR       .....                  (no boots)
Stlth    +.........             (no amulet)
HPRegen  0.15/turn              (no ring)
MPRegen  0.12/turn              (no ring)

@: no status effects
A: no striking features
a: no special abilities


You were on level 4 of the Dungeon.
You were near starving.

You visited 1 branch of the dungeon, and saw 4 of its levels.

You collected 178 gold pieces.

Inventory:

Hand Weapons
 h - a +0 club
 n - a +0 club
 q - a +0 short sword
 z - a +0 war axe (weapon)
 F - a +0 flail
Missiles
 j - 99 stones (quivered)
 o - 44 arrows
 s - 34 sling bullets
 B - 4 tomahawks
Armour
 a - a +0 robe
 d - a +0 ring mail (worn)
 y - a +0 scale mail
Jewellery
 l - a +3 ring of strength {unknown}
 E - a cursed amulet of regeneration {unknown}
Scrolls
 e - a scroll of immolation {unknown}
 f - a scroll of fog {unknown}
 r - a scroll of enchant weapon {unknown}
 u - a scroll of remove curse {unknown}
 w - 3 scrolls of recharging {unknown}
 A - 2 scrolls of identify {@r1}
 G - a scroll of teleportation {unknown}
Potions
 g - a potion of lignification {unknown}
 i - 2 potions of berserk rage {!q}
 m - 3 potions of brilliance
 p - a potion of haste {unknown}
 C - a potion of degeneration {unknown}
Books
 b - a Young Poisoner's Handbook

   Spells                             Type                      Level
   a - Sting                          Conjuration/Poison           1
   b - Poisonous Vapours              Poison/Air                   2
   c - Mephitic Cloud                 Conjuration/Poison/Air       3
   d - Olgreb's Toxic Radiance        Poison                       4
   e - Venom Bolt                     Conjuration/Poison           5
 t - a book of Cantrips

   Spells                             Type                      Level
   a - Confusing Touch                Hexes                        1
   b - Animate Skeleton               Necromancy                   1
   c - Summon Small Mammal            Summoning                    1
   d - Apportation                    Translocation                1
Comestibles
 c - 6 bread rations {@e1}
 v - a fruit {@e2}
 x - a royal jelly {@e3}
 D - a meat ration {@e1}


   Skills:
 - Level 2.0 Dodging
 - Level 2.0 Stealth
 + Level 3.2 Spellcasting
 - Level 1.0 Conjurations
 * Level 4.4 Air Magic
 * Level 5.9 Poison Magic


You had 6 spell levels left.
You knew the following spells:

 Your Spells              Type           Power        Failure   Level  Hunger
p - Mephitic Cloud        Conj/Pois/Air  ##......     32%         3    ###....
z - Sting                 Conj/Pois      ##..         12%         1    #......
Y - Poisonous Vapours     Pois/Air       ###...       9%          2    ##.....


Dungeon Overview and Level Annotations

Branches:
Dungeon (4/15)             Temple (0/1) D:4

Altars:

Annotations:
D:3 Duffy's ghost, amateur MiGl


Message History

An orc comes into view. It is wielding a hand axe of flaming.
An orc comes into view. It is wielding a whip of venom.
The orc shouts!
You feel better.
The orc shouts!
The orc barely misses you. x2
The orc wizard hits you with a dagger.
* * * LOW HITPOINT WARNING * * *
The orc hits you with a trident.
* * * LOW HITPOINT WARNING * * *
Okay, then.
The orc hits you but does no damage. The phantom barely misses you.
The phantom hits you.
* * * LOW HITPOINT WARNING * * *
The phantom blinks!
You closely miss the phantom.
The phantom is heavily damaged.
You hit the orc. The orc hits you but does no damage. The phantom hits you.
You die...

.░░░ ░░░░░░░.......░░░░... ...
...............)..)<. .░
░░...........░░.░.. .░
░░............░.░░.. .░░ ░░░░░░
░....o........[.░░░.
░.░░░░....░ ░..............░░ .
░░.░░.....░░ ░░..ooo.........░
░ ░░........░░ ░..oo..........░
░░.........░ ░░p..†.........░
░░..........░░ ░.W...........░░
░............░ ░..............░
.............░░░░.............░
........§.....................░
..............░░░░............░
..............░░░░░...........░
..............░░...░........░░░
............░░.....░░......░░
░░


You could see a phantom, an orc wizard and 5 orcs.

Vanquished Creatures
  An ogre (D:4)
  2 scorpions (D:4)
  A howler monkey (D:4)
  2 orc wizards
  A centaur skeleton (D:4)
  2 orc priests (D:4)
  2 worker ants (D:4)
  A gnoll (D:1)
  5 adders
  An ooze (D:4)
  2 worms (D:3)
  6 dart slugs
  5 leopard geckos
  5 orcs
  A ball python (D:3)
  7 bats
  6 giant cockroaches
  4 goblins
  6 hobgoblins
  4 jackals (D:3)
  2 kobolds
  7 frilled lizards
  6 rats
79 creatures vanquished.

Notes
Turn   | Place    | Note
-------+----------+-------------------------------------------
     0 | D:1      | utis the Human Venom Mage began the quest for the Orb.
     0 | D:1      | Reached XP level 1. HP: 13/13 MP: 3/3
   365 | D:1      | Reached XP level 2. HP: 19/19 MP: 1/5
   412 | D:1      | Learned a level 2 spell: Poisonous Vapours
   691 | D:1      | Reached skill level 1 in Air Magic
   873 | D:1      | Reached XP level 3. HP: 24/24 MP: 3/6
  1685 | D:2      | Reached skill level 4 in Poison Magic
  1709 | D:2      | Reached XP level 4. HP: 30/30 MP: 2/7
  2621 | D:3      | Noticed Duffy's ghost (amateur MiGl)
  3234 | D:3      | Reached XP level 5. HP: 35/35 MP: 3/8
  3938 | D:3      | Learned a level 3 spell: Mephitic Cloud
  4769 | D:4      | Reached XP level 6. HP: 9/41 MP: 3/9
  5147 | D:4      | Reached skill level 5 in Poison Magic
  5307 | D:4      | HP: 2/41 [poisoned by a scorpion]
  5614 | D:4      | Reached XP level 7. HP: 34/46 MP: 4/11
  5958 | D:4      | Found a staircase to the Ecumenical Temple.
  6457 | D:4      | HP: 2/46 [phantom (2)]
  6463 | D:4      | Slain by a phantom

Vault maps used:
D:1:      dpeg_arrival_oval, hex_intersection
D:2:      first_bread
D:3:      kennysheep_generic_room_16
D:4:      kennysheep_slugbush, minmay_temple_entry_statues_pillars,
          minmay_misc_feat_rows, kennysheep_small_circle, uniq_robin

Skill      XL: |  1  2  3  4  5  6  7 |
---------------+----------------------+-----
Air Magic      | 1 2 3 4 |  4.4
Poison Magic   | 4 5 |  5.9
Spellcasting   | 3 |  3.2
Dodging        | |  2.0
Stealth        | |  2.0
Conjurations   | |  1.0

Action                   |  1- 3 |  4- 6 |  7- 9 || total
-------------------------+-------+-------+-------++-------
Melee: Unarmed           |     6 |       |       ||     6
       Club              |     9 |     3 |       ||    12
       Short sword       |       |    26 |       ||    26
       War axe           |       |       |    26 ||    26
       Flail             |       |       |     6 ||     6
Throw: Stone             |       |       |     7 ||     7
 Cast: Sting             |    11 |       |     4 ||    15
       Poisonous Vapours |    25 |    69 |    12 ||   106
  Use: Scroll            |       |     4 |       ||     4
       Potion            |       |       |     1 ||     1
  Eat: Chunk             |     4 |    14 |     3 ||    21
       Fruit             |       |     2 |       ||     2
Armor: Robe              |     4 |     4 |     1 ||     9
       Ring mail         |       |       |     5 ||     5
Dodge: Dodged            |    12 |    36 |    26 ||    74

Table legend:
 A = Spawn XP
 B = Non-spawn XP
 C = Spawn XP percentage of total XP
 D = Spawn monster count
 E = Non-spawn monster count
 F = Spawn count percentage of total count
 G = Total turns spent on level
                    A         B        C        D         E        F      G
               +---------+---------+-------+---------+---------+-------+---------
         Total |     274 |     528 |  34.2 |      24 |      55 |  30.4 |  6463
               +---------+---------+-------+---------+---------+-------+---------
           D:1 |      16 |      29 |  35.6 |       2 |      16 |  11.1 |  1337
           D:2 |       4 |      37 |   9.8 |       2 |      14 |  12.5 |  1248
           D:3 |      55 |      95 |  36.7 |      15 |      14 |  51.7 |  2676
           D:4 |     199 |     367 |  35.2 |       5 |      11 |  31.2 |  1202
               +---------+---------+-------+---------+---------+-------+---------
